 Dungeon Crawl Stone Soup version 0.19-a0-1498-g0b85ae9 (webtiles) character file.

22 Amnesiac the Vexing (level 2, 0/11 HPs)
             Began as a Felid Enchanter on Sept 10, 2016.
             Slain by a crimson imp (2 damage)
             ... on level 3 of the Dungeon.
             The game lasted 00:03:03 (1320 turns).

Amnesiac the Vexing (Felid Enchanter)               Turns: 1320, Time: 00:03:04

Health: 0/11       AC:  1    Str:  4    XL:     2   Next: 68%
Magic:  6/6        EV: 18    Int: 16    God:
Gold:   58         SH:  0    Dex: 16    Spells: 2 memorised, 2 levels left
                                        Lives:  0   Deaths: 0

rFire  . . .     SeeInvis +       - Unarmed
rCold  . . .     Gourm    .     (armour unavailable)
rNeg   . . .     Faith    .     (shield unavailable)
rPois  .         Spirit   .     (helmet unavailable)
rElec  .         Dismiss  .     (cloak unavailable)
rCorr  .         Reflect  .     (gloves unavailable)
MR     .....     Harm     .     (boots unavailable)
Stlth  +++.......               e - amulet of magic regeneration
                                (no ring)
                                (no ring)

@: quick
A: no armour, no weapons or thrown items, claws 1, fangs 3, see invisible,
carnivore 3, speed 1, shaggy fur 1, slow metabolism 1, sharp paws
a: no special abilities


You were on level 3 of the Dungeon.
You were hungry.

You visited 1 branch of the dungeon, and saw 3 of its levels.

You collected 58 gold pieces.

Inventory:

Jewellery
 e - an amulet of magic regeneration (around neck)
 f - an uncursed amulet of faith
Scrolls
 d - a scroll of enchant armour {unknown}
 g - a scroll of teleportation {unknown}
 h - a scroll of remove curse {unknown}
Potions
 c - a potion of degeneration {unknown}
Books
 a - a book of Maledictions

   Spells                             Type                      Level
   a - Corona                         Hexes                        1
   b - Ensorcelled Hibernation        Hexes/Ice                    2
   c - Confuse                        Hexes                        3
   d - Tukima's Dance                 Hexes                        3
   e - Dazzling Spray                 Conjuration/Hexes            3
Comestibles
 b - a meat ration


   Skills:
 - Level 2.6 Dodging
 - Level 4.0 Stealth
 + Level 2.6 Unarmed Combat
 - Level 2.0 Spellcasting
 - Level 4.5 Hexes


You had 2 spell levels left.
You knew the following spells:

 Your Spells              Type           Power        Failure   Level  Hunger
a - Corona                Hex            ###....      3%          1    #......
f - Ensorcelled Hibernat  Hex/Ice        #.....       14%         2    ###....


Dungeon Overview and Level Annotations

Branches:
Dungeon (3/15)

Altars:
Makhleb


Innate Abilities, Weirdness & Mutations

You cannot wear armour.
You are incapable of wielding weapons or throwing items.
You have sharp claws.
You have razor-sharp teeth.
You have supernaturally acute eyesight. (SInv)
You are carnivorous and can eat meat at any time.
You cover ground quickly.
You are covered in fur. (AC +1)
You have a slow metabolism.
Your sharp claws are effective at attacking unaware monsters.


Message History

Okay, then.
Casting: Ensorcelled Hibernation
Confirm with . or Enter, or press ? or * to list all spells.
Aiming: Ensorcelled Hibernation
Press: ? - help, Shift-Dir - straight line, f - you That would be overly suicidal.
Okay, then.
Casting: Ensorcelled Hibernation
Confirm with . or Enter, or press ? or * to list all spells.
Aiming: Ensorcelled Hibernation
Press: ? - help, Shift-Dir - straight line, f - you That would be overly suicidal.
Okay, then.
Unknown command.
There is a stone staircase leading up here.
You closely miss the crimson imp. The crimson imp hits you.
You closely miss the crimson imp. The crimson imp hits you.
* * * LOW HITPOINT WARNING * * *
The crimson imp hits you.
You die...

#.....# .≈.#
#.##..## ..# #
#.###..##'##....
#.# #.......#
#.###.......#
#..###.####.#
##.###.### #
#........#
#..@.....#
#).5.....#
#........#
#........#
#........#
##########


You could see a crimson imp.

Vanquished Creatures
  6 bats
  7 hobgoblins
  2 kobolds (D:1)
  A goblin (D:2)
  3 rats
19 creatures vanquished.

Notes
Turn   | Place    | Note
-------+----------+-------------------------------------------
     0 | D:1      | Amnesiac the Felid Enchanter began the quest for the Orb.
     0 | D:1      | Reached XP level 1. HP: 7/7 MP: 4/4
   364 | D:1      | Reached XP level 2. HP: 11/11 MP: 6/6
   442 | D:1      | Learned a level 2 spell: Ensorcelled Hibernation
  1278 | D:3      | Found a burning altar of Makhleb.
  1278 | D:3      | Noticed a crimson imp
  1320 | D:3      | Slain by a crimson imp

Vault maps used:
D:1:      dpeg_arrival_ternary, minmay_misc_feat_ornament, minmay_misc_feat_chi
D:2:      uniq_natasha, uniq_iyjb
D:3:      makhleb_grotto_becter, grunt_decor_resistance

Skill      XL: |  1  2 |
---------------+-------+-----
Unarmed Combat | 2 |  2.6
Dodging        | |  2.6
Stealth        | |  4.0
Spellcasting   | |  2.0
Hexes          | |  4.5

Action                   || total
-------------------------++-------
Melee: Unarmed           ||    64
       Bite              ||     6
       Punch             ||     1
 Cast: Corona            ||     2
       Ensorcelled Hiber ||    14
 Stab: Sleeping          ||    11
Armor: Skin              ||     5
Dodge: Dodged            ||    47
